 Dungeon Sprint DCSS version 0.27.1-4-g1640c2035a (webtiles) character file.

Game seed: 7928144634578631064

317 boopmooplesden the Blocker (level 6, 0/62 HPs)
             Began as a Minotaur Fighter on Nov 10, 2021.
             Was a Believer of Okawaru.
             Slain by an unseen horror (7 damage)
             ... in the Dungeon (Sprint VII: "The Pits").
             The game lasted 00:01:49 (676 turns).

boopmooplesden the Blocker (Minotaur Fighter)        Turns: 676, Time: 00:01:50

Health: 0/62       AC: 11    Str: 21    XL:     6   Next: 20%
Magic:  5/5        EV:  9    Int:  5    God:    Okawaru [**....]
Gold:   0          SH: 11    Dex: 11    Spells: 5/5 levels left

rFire    . . .     SeeInvis .   p - +0 long sword (holy)
rCold    . . .     Faith    .   c - +0 kite shield
rNeg     . . .     Spirit   .   e - +3 scale mail
rPois    .         Reflect  .   (helmet restricted)
rElec    .         Harm     .   (no cloak)
rCorr    .         Rampage  .   (no gloves)
Will     .....     NoTele   +   (no boots)
Stlth    ..........             (no amulet)
HPRegen  0.20/turn              (no ring)
MPRegen  0.09/turn              (no ring)

@: mighty
A: horns 2, retaliatory headbutt
a: Renounce Religion, Heroism


You were in the Dungeon.
You worshipped Okawaru.
Okawaru was pleased with you.
You visited 1 branch

Inventory:

Hand Weapons
 a - a +0 long sword
 k - a +2 falchion
 p - a +0 long sword of holy wrath (weapon)
Armour
 b - a +0 scale mail
 c - a +0 kite shield (worn)
 e - a +3 scale mail (worn)
Scrolls
 j - a scroll of blinking
 m - 5 scrolls of amnesia
 n - a scroll of summoning
 o - 2 scrolls of vulnerability
Potions
 f - 5 potions of heal wounds
 g - a potion of haste
 h - 4 potions of magic
 i - 3 potions of berserk rage
 l - 2 potions of invisibility
 q - 5 potions of curing


   Skills:
 + Level 8.4 Fighting
 + Level 6.7 Long Blades
 + Level 9.0 Armour
 + Level 2.3 Dodging
 + Level 9.4 Shields


You had 5 spell levels left.
You didn't know any spells.
Your spell library was empty.

Dungeon Overview and Level Annotations

Branches:
Dungeon (1/1)

Altars:
Ashenzari
Cheibriados
Dithmenos
Elyvilon
Fedhas
Gozag
Hepliaklqana
Kikubaaqudgha
Makhleb
Nemelex Xobeh
Okawaru
Qazlal
Ru
Sif Muna
Trog
Uskayaw
Vehumet
Wu Jian
Xom
Yredelemnul
Zin
The Shining One
Beogh
Jiyva
Lugonu


Innate Abilities, Weirdness & Mutations

You have a pair of horns on your head.
You reflexively headbutt those who attack you in melee.


Message History

You completely miss something. Something hits you! Something hits you.
Something hits you but does no damage. You block the worm's attack.
You hit something. You headbutt something. Something hits you.
Something hits you!
* * * LOW HITPOINT WARNING * * *
Something hits you.
* * * LOW HITPOINT WARNING * * *
The worm bites you but does no damage.
You slash something! Something hits you.
* * * LOW HITPOINT WARNING * * *
Something hits you but does no damage.
You feel much better. Something hits you but does no damage.
The crimson imp blinks!
You block the worm's attack.
You feel very mighty all of a sudden. Something hits you but does no damage.
Something hits you.
The crimson imp blinks!
The worm bites you but does no damage.
You slash something! Your headbutt misses something. Something hits you.
You block something's attack.
The crimson imp blinks!
Something hits you.
You miss something. You block something's attack. Something hits you!
The worm bites you but does no damage.
The crimson imp blinks!
You barely miss something. Something hits you!
* * * LOW HITPOINT WARNING * * *
The crimson imp blinks!
You block the worm's attack. Something hits you.
* * * LOW HITPOINT WARNING * * *
Something hits you.
* * * LOW HITPOINT WARNING * * *
There is an open door here.
Something hits you but does no damage. The crimson imp barely misses you.
Something hits you but does no damage.
There is an open door here.
You see here a quokka corpse.
You closely miss the crimson imp. You headbutt the crimson imp!
You kill the crimson imp!
Okawaru accepts your kill.
Something hits you but does no damage. x2
Your Armour skill increases to level 9!
You hit something.
Something hits you but does no damage. x2
You closely miss something. Something hits you!
You die...

#.#........##.......#
#'###########.......#
#.......#.. #########
#...#...#.#
#...#...#.#
#.##.##.#b#
#...#...#J+
#...#..{#w#
#.......@.#
###########


You could see a fire bat, a worm and an endoplasm.

Vanquished Creatures
  A bullfrog (D)
  3 scorpions (D)
  A crimson imp (D)
  A jelly (D)
  2 bats (D)
  An endoplasm (D)
  A goblin (D)
  10 jackals (D)
  A quokka (D)
  A ball python zombie (D)
  2 rats (D)
24 creatures vanquished.

Notes
Turn   | Place    | Note
-------+----------+-------------------------------------------
     0 | D        | boopmooplesden the Minotaur Fighter began the quest for the
                  | Orb.
     0 | D        | Reached XP level 1. HP: 19/19 MP: 0/0
    46 | D        | Found a glowing golden altar of the Shining One.
    46 | D        | Found a glowing silver altar of Zin.
    46 | D        | Found a basalt altar of Yredelemnul.
    46 | D        | Found a shimmering altar of Xom.
    46 | D        | Found an ornate altar of the Wu Jian Council.
    46 | D        | Found a bloodstained altar of Trog.
    46 | D        | Found a shimmering blue altar of Sif Muna.
    46 | D        | Found a sacrificial altar of Ru.
    46 | D        | Found a stormy altar of Qazlal.
    46 | D        | Found an iron altar of Okawaru.
    46 | D        | Found a sparkling altar of Nemelex Xobeh.
    46 | D        | Found a burning altar of Makhleb.
    46 | D        | Found a viscous altar of Jiyva.
    46 | D        | Found a hazy altar of Hepliaklqana.
    46 | D        | Found an opulent altar of Gozag.
    46 | D        | Found a blossoming altar of Fedhas.
    46 | D        | Found a white marble altar of Elyvilon.
    46 | D        | Found a shadowy altar of Dithmenos.
    46 | D        | Found a snail-covered altar of Cheibriados.
    48 | D        | Found a radiant altar of Vehumet.
    48 | D        | Found a corrupted altar of Lugonu.
    49 | D        | Found a hide-covered altar of Uskayaw.
    49 | D        | Found an ancient bone altar of Kikubaaqudgha.
    49 | D        | Found a broken altar of Ashenzari.
    53 | D        | Became a worshipper of Warmaster Okawaru
   179 | D        | Noticed a scorpion
   188 | D        | Killed a scorpion
   188 | D        | Reached * piety under Okawaru
   189 | D        | Reached skill level 5 in Fighting
   189 | D        | Reached XP level 2. HP: 17/30 MP: 1/1
   189 | D        | Reached XP level 3. HP: 21/37 MP: 2/2
   410 | D        | Noticed a scorpion
   421 | D        | Killed a scorpion
   422 | D        | Reached skill level 5 in Long Blades
   422 | D        | Reached XP level 4. HP: 36/45 MP: 3/3
   500 | D        | Noticed a scorpion
   500 | D        | Noticed a bullfrog
   516 | D        | Killed a bullfrog
   517 | D        | Reached skill level 1 in Dodging
   517 | D        | Reached XP level 5. HP: 52/52 MP: 4/4
   524 | D        | Reached ** piety under Okawaru
   525 | D        | Reached XP level 6. HP: 43/61 MP: 5/5
   660 | D        | Noticed a fire bat
   676 | D        | Slain by an unseen horror

Illustrated notes

Levels and vault maps discovered:
D:        pitsprint [storerooms_1, entrance_room_1, metal_vault_8, armoury_1,
          mini_pit_1, grid_room_1, main_hall_1, silver_pit, the_coven_1,
          the_vestibule_1, steel_vault_2, golden_pit, hallway_of_sentries,
          crystal_vault_1, iron_vault_1, final_vault]

Skill      XL: |  1  2  3  4  5  6 |
---------------+-------------------+-----
Fighting       | 5 6 7 8 |  8.4
Armour         | 6 7 8 9 |  9.0
Shields        | 6 7 8 9 |  9.4
Long Blades    | 4 5 6 |  6.7
Dodging        | 1 2 |  2.3

Action                   |  1- 3 |  4- 6 || total
-------------------------+-------+-------++-------
Melee: Falchion          |    18 |     9 ||    27
       Long sword        |     7 |    35 ||    42
       Headbutt          |     4 |     8 ||    12
  Use: Potion            |     1 |     2 ||     3
Armor: Scale mail        |    14 |    29 ||    43
Dodge: Dodged            |    13 |    12 ||    25
Block: Kite shield       |    18 |    26 ||    44
       Rpst.: Long sword |     3 |     4 ||     7
       Falchion          |     1 |       ||     1
